 Dungeon Crawl Stone Soup version 0.14-a0-1765-g49ce880 (webtiles) character file.

878 Psiweapon the Sneak (level 7, -3/43 HPs)
             Began as an Octopode Artificer on Jan 5, 2014.
             Was a Follower of Nemelex Xobeh.
             Slain by a killer bee (10 damage)
             ... on Level 7 of the Dungeon.
             The game lasted 00:40:11 (5723 turns).

Psiweapon the Sneak (Octopode Artificer)            Turns: 5723, Time: 00:40:14

HP  -3/43        AC  1     Str 11      XL: 7   Next: 69%
MP  10/10        EV 14     Int 15      God: Nemelex Xobeh [*.....]
Gold 162         SH  0     Dex 13      Spells:  0 memorised,  6 levels left

rFire  . . .     SeeInvis .     y - +0 blowgun
rCold  . . .     Clarity  .     (no shield)
rNeg   . . .     Conserve .     t - +0 wizard hat
rPois  .         rCorr    .     (no amulet)
rElec  .         rRot     .     (no ring)
SustAb . .       Spirit   .     (no ring)
rMut   .         Warding  .     (no ring)
Saprov . . .     Stasis   .     (no ring)
                                (no ring)
                                (no ring)
                                (no ring)
                                (no ring)

@: slightly resistant to hostile enchantments, very stealthy
A: almost no armour, amphibious, 8 rings, constrict 8, camouflage 1, gelatinous
body 1
a: Draw One, Renounce Religion


You were on level 7 of the Dungeon.
You worshipped Nemelex Xobeh.
Nemelex Xobeh was aware of your devotion.
You were hungry.

You visited 2 branches of the dungeon, and saw 8 of its levels.

You collected 162 gold pieces.

Inventory:

Hand weapons
 m - a +0,+0 dwarven short sword
 n - a +0,+0 sling
 y - a +0 blowgun (weapon)
 E - a +1,+1 elven dagger
 H - a +0,+0 orcish morningstar
 P - a +1,+3 hammer of distortion
 Q - a +2,+2 quarterstaff of chaos
Missiles
 g - 22 poisoned needles (quivered)
 l - 44 stones
 x - 33 sling bullets
 J - 5 tomahawks
Armour
 k - a +0 shield
 t - a +0 wizard hat (worn)
Magical devices
 b - a wand of flame (11)
 c - a wand of enslavement (15)
 d - a wand of random effects (13)
 G - a wand of fire (4)
Comestibles
 f - 5 bread rations
 j - a lychee
 u - a rotting chunk of rat flesh
 F - a sausage
 I - 2 pears
 T - a rotting chunk of goblin flesh
Scrolls
 h - 2 scrolls of fog
 i - 7 scrolls of remove curse {unknown}
 o - a scroll of immolation {unknown}
 p - a scroll of enchant weapon II {unknown}
 r - a scroll of curse weapon {unknown}
 s - a scroll of enchant armour {unknown}
 v - a scroll of magic mapping {unknown}
 A - 2 scrolls of enchant weapon I {unknown}
 D - a scroll of amnesia
 S - a scroll of blinking
Jewellery
 z - an uncursed amulet of stasis
Potions
 q - 2 potions of speed {unknown}
 w - a potion of brilliance {unknown}
 B - a potion of heal wounds
 C - a potion of agility {unknown}
 K - a potion of magic {unknown}
 L - a potion of confusion {unknown}
 M - a potion of restore abilities
 N - a potion of invisibility
 R - a potion of cure mutation
Books
 O - a book of Power

   Spells                             Type                      Level
   Iskenderun's Mystic Blast          Conjuration                  4
   Venom Bolt                         Conjuration/Poison           5
   Bolt of Magma                      Conjuration/Fire/Earth       5
   Fulminant Prism                    Conjuration/Hexes            5
   Iron Shot                          Conjuration/Earth            6
   Orb of Destruction                 Conjuration                  7
Magical staves
 e - an uncursed staff of death
Miscellaneous
 a - a plain deck of escape


   Skills:
 - Level 1.0 Fighting
 + Level 4.2 Short Blades
 - Level 3.0 Slings
 + Level 2.7 Throwing
 + Level 4.6 Dodging
 + Level 5.5 Stealth
 - Level 3.2 Evocations


You had 6 spell levels left.
You didn't know any spells.

Dungeon Overview and Level Annotations

Branches:
Dungeon (7/16)             Temple (1/1) D:4

Altars:
Ashenzari
Cheibriados
Elyvilon
Fedhas
Kikubaaqudgha
Makhleb
Nemelex Xobeh
Okawaru
Sif Muna
Trog
Vehumet
Xom
Yredelemnul
Zin
the Shining One

Annotations:
D:2 Ijyb, Terence
D:5 exclusions: downstairs and ice beast
D:6 Bastard's ghost, experienced MiCK
D:7 exclusion: upstairs


Innate Abilities, Weirdness & Mutations

You cannot wear most types of armour.
You are amphibious.
You can wear up to eight rings at the same time.
You can use your tentacles to constrict many enemies at once.
Your skin changes colour to match your surroundings (Stlth).
Your rubbery body absorbs attacks (AC +1).


Message History

The killer bee is severely wounded.
The killer bee completely misses you. The killer bee stings you!
You kill the killer bee!
The killer bee barely misses you.
Firing (i - inventory. (,) - cycle):
g - 24 poisoned needles (quivered)
Press: ? - help, Shift-Dir - straight line, f - killer bee
Aim: a killer bee You shoot a poisoned needle.
The poisoned needle hits the killer bee.
The killer bee barely misses you. The killer bee closely misses you.
Firing (i - inventory. (,) - cycle):
g - 23 poisoned needles (quivered)
Press: ? - help, Shift-Dir - straight line, f/p - killer bee
Aim: a killer bee You shoot a poisoned needle.
The poisoned needle misses the killer bee.
The killer bee stings you!
* * * LOW HITPOINT WARNING * * *
The killer bee stings you!
You die...
Your body disappears without a glow.

. #.# . #.#(#
...#####
#.#.########........
#...................
###...#...##.##.###.
#...# .##.##...#.
#.### #.##....# #k#
#.##....# #@#
######.##....# #.#
#...##.##...## #.#
#.......#...# #.#
#.......#.### #.#
###....)...### #.#
####.#......
#.########.#...###
#.................
##########....##..


You could see a killer bee.

Vanquished Creatures
  An ogre (D:4)
  4 killer bees (D:7)
  A crimson imp (D:5)
  A hound (D:5)
  2 orc priests (D:4)
  Crazy Yiuf (D:5)
  2 scorpions (D:4)
  2 orc wizards
  An ogre zombie (D:5)
  6 adders
  3 worms
  5 giant geckos
  2 oozes
  12 orcs
  9 bats
  3 giant cockroaches (D:1)
  8 goblins
  8 hobgoblins
  3 quokkas
  8 ball pythons
  A giant gecko skeleton (D:4)
  8 giant newts
  7 jackals
  11 kobolds
  An orc skeleton (D:4)
  12 rats
  A rat skeleton (D:5)
  A rat zombie (D:5)
124 creatures vanquished.

Notes
Turn   | Place    | Note
--------------------------------------------------------------
     0 | D:1      | Psiweapon, the Octopode Artificer, began the quest for the Orb.
     0 | D:1      | Reached XP level 1. HP: 13/13 MP: 1/1
   348 | D:1      | Reached XP level 2. HP: 18/18 MP: 3/3
   852 | D:1      | Reached XP level 3. HP: 23/23 MP: 4/4
  1068 | D:2      | Noticed Ijyb
  1707 | D:2      | Reached XP level 4. HP: 12/28 MP: 6/6
  1809 | D:2      | Reached skill level 1 in Slings
  1963 | D:2      | Noticed Terence
  2804 | D:4      | Reached XP level 5. HP: 25/33 MP: 7/7
  2924 | D:5      | Entered Level 5 of the Dungeon
  2993 | D:6      | Noticed Bastard's ghost (experienced MiCK)
  3139 | D:4      | HP: 1/33 [it/magic dart (7)]
  3140 | D:4      | Reached skill level 4 in Stealth
  3140 | D:4      | Reached XP level 6. HP: 1/38 MP: 9/9
  3564 | D:4      | Found a staircase to the Ecumenical Temple.
  3571 | Temple   | Entered the Ecumenical Temple
  3714 | Temple   | Became a worshipper of Nemelex Xobeh
  3778 | D:4      | Received a gift from Nemelex Xobeh
  3863 | D:4      | Noticed an ogre
  3873 | D:4      | Killed an ogre
  4625 | D:5      | Noticed an ice beast
  4659 | D:5      | Reached XP level 7. HP: 35/43 MP: 10/10
  4711 | D:5      | Acquired Nemelex Xobeh's first power
  4747 | D:5      | Noticed Crazy Yiuf
  4749 | D:5      | Killed Crazy Yiuf
  4749 | D:5      | Reached skill level 1 in Throwing
  5014 | D:5      | Reached skill level 5 in Stealth
  5723 | D:7      | Slain by a killer bee

Action                   |  1- 3 |  4- 6 |  7- 9 || total
-------------------------+-------+-------+-------++-------
Melee: Short sword       |    61 |    53 |     4 ||   118
       Dagger            |    16 |    15 |     4 ||    35
       Morningstar       |       |    15 |     8 ||    23
 Fire: Sling             |    23 |   108 |    31 ||   162
       Blowgun           |       |    15 |    31 ||    46
Evoke: Wand              |     3 |     3 |     2 ||     8
  Use: Potion            |       |     2 |       ||     2
       Scroll            |       |       |     9 ||     9
 Stab: Sleeping          |     4 |     4 |     2 ||    10
